 Dungeon Crawl Stone Soup version 0.23-a0-554-gd3cbc8420a (webtiles) character file.

114 Rrauwl the Charlatan (level 4, -4/34 HPs)
             Began as a Gnoll Artificer on Dec 10, 2018.
             Killed themself with a badly aimed fireball (10 damage)
             ... on level 2 of the Dungeon.
             The game lasted 00:04:45 (1801 turns).

Rrauwl the Charlatan (Gnoll Artificer)              Turns: 1801, Time: 00:04:46

Health: -4/34      AC:  3    Str: 15    XL:     4   Next: 97%
Magic:  8/8        EV: 14    Int: 14    God:
Gold:   103        SH:  0    Dex: 15    Spells: 5/5 levels left

rFire    . . .     SeeInvis .   a - +0 short sword
rCold    . . .     Gourm    .   (no shield)
rNeg     . . .     Faith    .   q - +0 leather armour
rPois    .         Spirit   .   (no helmet)
rElec    .         Reflect  .   (no cloak)
rCorr    .         Harm     .   (no gloves)
MR       .....                  (no boots)
Stlth    ++........             u - amulet of the acrobat
HPRegen  0.11/turn              (no ring)
MPRegen  0.11/turn              (no ring)

@: no status effects
A: distributed training, fangs 1, strong nose
a: no special abilities


You were on level 2 of the Dungeon.
You were not hungry.

You visited 1 branch of the dungeon, and saw 3 of its levels.

You collected 103 gold pieces.

Inventory:

Hand Weapons
 a - a +0 short sword (weapon)
 b - a +0 hunting sling
Missiles
 g - 15 arrows
 i - 28 bolts
 m - 19 sling bullets
 r - 43 stones (quivered)
Armour
 q - a +0 leather armour (worn)
Jewellery
 u - an amulet of the acrobat (around neck)
Wands
 c - a wand of flame (15)
 d - a wand of enslavement (15)
 f - a wand of random effects (14)
Scrolls
 h - 4 scrolls of identify {unknown}
 l - 3 scrolls of enchant weapon {unknown}
 p - a scroll of magic mapping {unknown}
 s - a scroll of enchant armour {unknown}
 t - a scroll of teleportation {unknown}
 v - a scroll of random uselessness {unknown}
Comestibles
 e - 3 rations
 j - 3 chunks of flesh


   Skills:
 + Level 2.8 Fighting
 + Level 2.8 Short Blades
 + Level 1.2 Long Blades
 + Level 1.2 Axes
 + Level 1.2 Maces & Flails
 + Level 1.2 Polearms
 + Level 1.2 Staves
 + Level 1.2 Slings
 + Level 1.2 Bows
 + Level 1.2 Crossbows
 + Level 1.2 Throwing
 + Level 1.2 Armour
 + Level 4.7 Dodging
 + Level 2.6 Stealth
 + Level 1.2 Shields
 + Level 1.2 Unarmed Combat
 + Level 1.2 Spellcasting
 + Level 1.0 Conjurations
 + Level 1.0 Hexes
 + Level 1.0 Charms
 + Level 1.0 Summonings
 + Level 1.0 Necromancy
 + Level 1.0 Translocations
 + Level 1.0 Transmutations
 + Level 1.0 Fire Magic
 + Level 1.0 Ice Magic
 + Level 1.0 Air Magic
 + Level 1.0 Earth Magic
 + Level 1.0 Poison Magic
 + Level 1.4 Invocations
 + Level 6.6 Evocations


You had 5 spell levels left.
You didn't know any spells.
Your spell library was empty.

Dungeon Overview and Level Annotations

Branches:
Dungeon (3/15)

Altars:


Innate Abilities, Weirdness & Mutations

Your experience applies equally to all skills.
You have very sharp teeth.
Your uncanny sense of smell can sniff out nearby items.


Message History

Robin hits you with a +0 dagger.
* * * LOW HITPOINT WARNING * * *
The hobgoblin closely misses you.
That item cannot be evoked!
Evoke which item? (* to show all) (? for menu, Esc to quit)
Aiming: Random Effects
Press: ? - help, Shift-Dir - straight line, f - Robin
Aim: Robin, wielding a +0 dagger, wearing a +0 animal skin and wearing a +0 The puff of frost hits Robin.
Robin is almost dead.
Robin says, "Duck!"
Robin misses you. The hobgoblin closely misses you.
Evoke which item? (* to show all) (? for menu, Esc to quit)
Aiming: Random Effects
Press: ? - help, Shift-Dir - straight line, f/p - Robin
Aim: Robin, wielding a +0 dagger, wearing a +0 animal skin and wearing a +0 The fireball explodes!
The fireball engulfs Robin.
You kill Robin!
The fireball engulfs you!
You die...

#......................
#.........##...........
####......##...##......
#...................
#####.#....##...##......
#......###.##...#.......
#......# #.##...#.......
#......###.##...#.......
#.....)@)..##...#...)...
######.....g.................
#...##......##...(###†.......
#.........>..'....†(÷).......
#...........##....###........
###.........##....# #........
#.........####### #.......)
#.........# ######........
#.........# #..........###


You could see a hobgoblin.

Vanquished Creatures
  Robin (D:2)
  4 adders (D:2)
  A worm (D:2)
  2 dart slugs (D:1)
  2 leopard geckos (D:2)
  3 giant cockroaches
  11 goblins
  7 hobgoblins
  7 jackals (D:1)
  3 kobolds (D:2)
  A quokka (D:2)
  2 ball pythons (D:2)
  3 bats
  3 frilled lizards (D:2)
  4 rats
54 creatures vanquished.

Notes
Turn   | Place    | Note
-------+----------+-------------------------------------------
     0 | D:1      | Rrauwl the Gnoll Artificer began the quest for the Orb.
     0 | D:1      | Reached XP level 1. HP: 17/17 MP: 4/4
   226 | D:1      | Reached XP level 2. HP: 22/23 MP: 6/6
   658 | D:1      | Reached XP level 3. HP: 24/28 MP: 7/7
   974 | D:2      | Reached skill level 1 in Invocations
  1061 | D:2      | Reached skill level 1 in Long Blades
  1061 | D:2      | Reached skill level 1 in Axes
  1061 | D:2      | Reached skill level 1 in Maces & Flails
  1061 | D:2      | Reached skill level 1 in Polearms
  1061 | D:2      | Reached skill level 1 in Staves
  1061 | D:2      | Reached skill level 1 in Slings
  1061 | D:2      | Reached skill level 1 in Bows
  1061 | D:2      | Reached skill level 1 in Crossbows
  1061 | D:2      | Reached skill level 1 in Throwing
  1061 | D:2      | Reached skill level 1 in Armour
  1061 | D:2      | Reached skill level 1 in Shields
  1061 | D:2      | Reached skill level 1 in Unarmed Combat
  1061 | D:2      | Reached skill level 1 in Spellcasting
  1143 | D:2      | Reached XP level 4. HP: 32/34 MP: 8/8
  1512 | D:2      | Noticed Robin
  1719 | D:2      | Reached skill level 1 in Conjurations
  1719 | D:2      | Reached skill level 1 in Hexes
  1719 | D:2      | Reached skill level 1 in Charms
  1719 | D:2      | Reached skill level 1 in Summonings
  1719 | D:2      | Reached skill level 1 in Necromancy
  1719 | D:2      | Reached skill level 1 in Translocations
  1719 | D:2      | Reached skill level 1 in Transmutations
  1719 | D:2      | Reached skill level 1 in Fire Magic
  1719 | D:2      | Reached skill level 1 in Ice Magic
  1719 | D:2      | Reached skill level 1 in Air Magic
  1719 | D:2      | Reached skill level 1 in Earth Magic
  1719 | D:2      | Reached skill level 1 in Poison Magic
  1801 | D:2      | Killed Robin
  1801 | D:2      | Killed themself with a badly aimed fireball

Vault maps used:
D:1:      nzn_arrival_settlement
D:2:      ashenzari_altar_1, uniq_robin
D:3:      nemelex_xobeh_ov_fountains_minmay, lemuel_crystal_altar,
          hangedman_decor_diamond_cutter, grunt_ministairs_6

Skill      XL: |  1  2  3  4 |
---------------+-------------+-----
Invocations    | 1 |  1.4
Long Blades    | 1 |  1.2
Axes           | 1 |  1.2
Maces & Flails | 1 |  1.2
Polearms       | 1 |  1.2
Staves         | 1 |  1.2
Slings         | 1 |  1.2
Bows           | 1 |  1.2
Crossbows      | 1 |  1.2
Throwing       | 1 |  1.2
Armour         | 1 |  1.2
Shields        | 1 |  1.2
Unarmed Combat | 1 |  1.2
Spellcasting   | 1 |  1.2
Conjurations   | 1 |  1.0
Hexes          | 1 |  1.0
Charms         | 1 |  1.0
Summonings     | 1 |  1.0
Necromancy     | 1 |  1.0
Translocations | 1 |  1.0
Transmutations | 1 |  1.0
Fire Magic     | 1 |  1.0
Ice Magic      | 1 |  1.0
Air Magic      | 1 |  1.0
Earth Magic    | 1 |  1.0
Poison Magic   | 1 |  1.0
Fighting       | |  2.8
Short Blades   | |  2.8
Dodging        | |  4.7
Stealth        | |  2.6
Evocations     | |  6.6

Action                   |  1- 3 |  4- 6 || total
-------------------------+-------+-------++-------
Melee: Short sword       |   126 |    94 ||   220
       Bite              |    11 |    12 ||    23
       Punch             |       |     1 ||     1
Evoke: Wand              |       |     1 ||     1
  Use: Potion            |     6 |     2 ||     8
 Stab: Sleeping          |     1 |     1 ||     2
  Eat: Chunk             |     1 |     2 ||     3
Armor: Leather armour    |    20 |    13 ||    33
Dodge: Dodged            |    83 |    92 ||   175

Table legend:
 A = Non-vault XP
 B = Vault XP
 C = Vault XP percentage of total XP
 D = Non-vault monster count
 E = Vault monster count
 F = Vault count percentage of total count
                 A         B        C        D         E       F
            +---------+---------+-------+---------+---------+-------
      Total |     129 |      34 |  20.9 |      43 |      11 |  20.4
            +---------+---------+-------+---------+---------+-------
        D:1 |      40 |       0 |   0.0 |      20 |       0 |   0.0
        D:2 |      89 |      28 |  23.9 |      23 |       8 |  25.8
        D:3 |       0 |       6 | 100.0 |       0 |       3 | 100.0
            +---------+---------+-------+---------+---------+-------
